 Dungeon Sprint DCSS version 0.19-a0-895-gdbd5520 (webtiles) character file.

1044 LORDOFBUTT the Grappler (level 8, -1/91 HPs)
             Began as a Troll Berserker on July 4, 2016.
             Was a Priest of Trog.
             Slain by a siren
             ... wielding a +0 trident
              (16 damage)
             ... in the Dungeon (Sprint II: "The Violet Keep of Menkaure").
             The game lasted 00:01:07 (174 turns).

LORDOFBUTT the Grappler (Troll Berserker)            Turns: 174, Time: 00:01:08

Health: -1/91      AC:  5    Str: 26    XL:     8   Next: 4%
Magic:  7/7        EV: 14    Int:  3    God:    Trog [***...]
Gold:   729        SH:  0    Dex: 11    Spells: 0 memorised, 7 levels left

rFire  . . .     SeeInvis .       - Unarmed
rCold  . . .     Gourm    +     a - +0 animal skin
rNeg   . . .     Faith    .     (no shield)
rPois  .         Spirit   .     (helmet restricted)
rElec  .         Dismiss  .     (no cloak)
rCorr  .         Reflect  .     (gloves unavailable)
SustAt .         Harm     .     (boots unavailable)
MR     .....     NoTele   +     (no amulet)
Stlth  +.........               (no ring)
                                (no ring)

@: mesmerised, not resistant to hostile enchantments, very unstealthy
A: unfitting armour, claws 3, deterioration 1, fast metabolism 3, gourmand,
regeneration 2, shaggy fur 1, tough skin 2, subdued magic 1
a: Berserk, Trog's Hand, Burn Spellbooks, Renounce Religion


You were in the Dungeon.
You worshipped Trog.
Trog was most pleased with you.
You were full.

You visited 1 branch You collected 729 gold pieces.

Inventory:

Armour
 a - a +0 animal skin (worn)
Scrolls
 h - a scroll of blinking
Potions
 c - a potion of curing
 d - a potion of heal wounds
 e - a potion of haste
 f - 2 potions of magic
 g - a potion of berserk rage
Comestibles
 b - 2 bread rations


   Skills:
 + Level 8.9 Fighting
 + Level 8.7 Dodging
 + Level 0.1 Stealth
 + Level 11.0 Unarmed Combat


You had 7 spell levels left.
You didn't know any spells.

Dungeon Overview and Level Annotations

Branches:
Dungeon (1/1)

Altars:


Innate Abilities, Weirdness & Mutations

You are too large for most types of armour.
You have claws for hands.
Your metabolism is lightning-fast.
You like to eat raw meat.
You heal very quickly.
You are covered in fur. (AC +1)
You have very tough skin. (AC +2)
Your body sometimes deteriorates upon taking damage.
Your spells are a little easier to cast, but a little less powerful.


Message History

The crocodile looks more healthy.
The flying skull hits you!
The siren chants its luring song.
You closely miss the flying skull. The flying skull barely misses you.
The siren hits you with a trident! The flying skull closely misses you.
The crocodile bites you!
* * * LOW HITPOINT WARNING * * *
You scratch the flying skull but do no damage.
The flying skull closely misses you. x2
The siren chants its luring song.
You closely miss the siren.
The siren is almost dead.
The flying skull closely misses you.
The flying skull hits you but does no damage.
The crocodile bites you!
* * * LOW HITPOINT WARNING * * *
A flying skull comes into view.
You completely miss the siren.
The siren is almost dead.
The siren hits you with a trident!
You die...

§z§§ §.§ '§# .§
##z## ##.zz##
#.z#mt# ## #zz@#
## ## ##.###z###.#
..#
#...##.##.###..#
#.†.<.'##.'..#
#...##.##...#....#
##.###'###.##
..... ####...####
.... #.##..# ≈..
##.#### ≈.


You could see a siren, a crocodile and 8 flying skulls.

Vanquished Creatures
  A flying skull (D)
  4 neqoxecs (D)
  4 necrophages (D)
  3 worms (D)
12 creatures vanquished.

Notes
Turn   | Place    | Note
-------+----------+-------------------------------------------
     0 | D        | LORDOFBUTT the Troll Berserker began the quest for the Orb.
     0 | D        | Reached XP level 1. HP: 22/22 MP: 0/0
     1 | D        | Noticed a necrophage
     1 | D        | Noticed a necrophage
     1 | D        | Noticed a necrophage
     1 | D        | Noticed a necrophage
     5 | D        | Killed a necrophage
     5 | D        | Reached skill level 5 in Unarmed Combat
     5 | D        | Reached XP level 2. HP: 33/33 MP: 1/1
     5 | D        | Reached XP level 3. HP: 40/40 MP: 2/2
     5 | D        | Reached XP level 4. HP: 49/49 MP: 3/3
     7 | D        | Killed a necrophage
     7 | D        | Reached skill level 5 in Fighting
     7 | D        | Reached skill level 5 in Dodging
     7 | D        | Reached skill level 7 in Unarmed Combat
     7 | D        | Reached XP level 5. HP: 59/59 MP: 4/4
    10 | D        | Killed a necrophage
    10 | D        | Reached skill level 8 in Unarmed Combat
    15 | D        | Killed a necrophage
    15 | D        | Reached XP level 6. HP: 68/68 MP: 5/5
    62 | D        | Reached ** piety under Trog
    97 | D        | Noticed a neqoxec
    97 | D        | Noticed a neqoxec
    97 | D        | Noticed a neqoxec
    97 | D        | Noticed a neqoxec
    99 | D        | Lost intelligence.
   108 | D        | Killed a neqoxec
   108 | D        | Reached skill level 9 in Unarmed Combat
   112 | D        | Killed a neqoxec
   112 | D        | Reached skill level 10 in Unarmed Combat
   112 | D        | Reached XP level 7. HP: 80/80 MP: 6/6
   112 | D        | Gained mutation: Your spells are a little easier to cast, but a little less powerful. [a neqoxec]
   117 | D        | Killed a neqoxec
   117 | D        | Reached *** piety under Trog
   121 | D        | Gained mutation: Your body sometimes deteriorates upon taking damage. [a neqoxec]
   123 | D        | Killed a neqoxec
   160 | D        | Noticed a siren
   162 | D        | Noticed a flying skull
   163 | D        | Noticed a flying skull
   164 | D        | Noticed a flying skull
   164 | D        | Noticed a flying skull
   165 | D        | Noticed a flying skull
   166 | D        | Killed a flying skull
   166 | D        | Reached skill level 11 in Unarmed Combat
   166 | D        | Reached XP level 8. HP: 69/91 MP: 7/7
   167 | D        | Noticed a flying skull
   168 | D        | Noticed a flying skull
   168 | D        | Noticed a flying skull
   168 | D        | Noticed a flying skull
   170 | D        | Noticed a flying skull
   174 | D        | Noticed a flying skull
   174 | D        | Slain by a siren

Vault maps used:
D:        the_violet_keep_of_menkaure

Skill      XL: |  1  2  3  4  5  6  7 |
---------------+----------------------+-----
Fighting       | 4 5 6 8 |  8.9
Dodging        | 4 5 6 7 8 |  8.7
Unarmed Combat | 5 7 8 10 11 | 11.0
Stealth        | |  0.1

Action                   |  1- 3 |  4- 6 |  7- 9 || total
-------------------------+-------+-------+-------++-------
Melee: Unarmed           |     2 |    22 |    22 ||    46
       Punch             |       |     1 |     2 ||     3
Invok: Berserk           |     1 |     1 |       ||     2
  Eat: Chunk             |       |     6 |       ||     6
Armor: Animal skin       |       |     2 |     2 ||     4
Dodge: Dodged            |     1 |     8 |    12 ||    21
